 Dungeon Crawl Stone Soup version 0.16.0-18-g484a79e (webtiles) character file.

16100 Ironfoot the Blocker (level 12, -4/111 HPs)
             Began as a Troll Monk on Mar 22, 2015.
             Was a High Priest of Okawaru.
             Slain by a 14-headed hydra (10 damage)
             ... on level 12 of the Dungeon.
             The game lasted 00:20:32 (8259 turns).

Ironfoot the Blocker (Troll Monk)                   Turns: 8259, Time: 00:20:33

Health: -4/111     AC:  9    Str: 25    XL:     12   Next: 7%
Magic:  11/12      EV: 19    Int: 13    God:    Okawaru [*****.]
Gold:   393        SH: 23    Dex: 16    Spells: 0 memorised, 11 levels left

rFire  . . .     SeeInvis .       - Unarmed
rCold  . . .     Clarity  .     S - +1 robe "Iriecio" {Str+3}
rNeg   . . .     SustAb   .     G - +2 large shield {AC+3}
rPois  .         Gourm    +     N - +0 hat {Int+3}
rElec  .         Spirit   .     (no cloak)
rCorr  .         Warding  .     (gloves unavailable)
rMut   .         Stasis   .     (boots unavailable)
MR     +....                    m - amulet of regeneration
Stlth  +++.......               M - +4 ring of intelligence
                                o - ring of protection from magic

@: heroism, somewhat resistant to hostile enchantments, fairly stealthy
A: unfitting armour, claws 3, fast metabolism 3, gourmand, regeneration 2,
shaggy fur 1, tough skin 2
a: Heroism, Finesse, Renounce Religion


You were on level 12 of the Dungeon.
You worshipped Okawaru.
Okawaru was extremely pleased with you.
You were very full.

You visited 2 branches of the dungeon, and saw 13 of its levels.

You collected 694 gold pieces.
You spent 301 gold pieces at shops.

Inventory:

Missiles
 T - 6 large rocks (quivered)
Armour
 G - a +2 large shield of protection (worn)
 N - a +0 hat of intelligence (worn)
 S - the +1 robe "Iriecio" (worn) {Str+3}
   (Okawaru gifted it to you on level 10 of the Dungeon)

   It affects your strength (+3).
Rods
 b - a +0 rod of clouds (11/11)
   (You found it on level 10 of the Dungeon)
Jewellery
 m - an amulet of regeneration (around neck)
 o - a ring of protection from magic (left claw)
 y - an uncursed ring of ice
 M - a +4 ring of intelligence (right claw)
Magical devices
 z - a wand of teleportation (4)
 E - a wand of frost (48)
Scrolls
 c - a scroll of recharging
 d - a scroll of immolation
 h - 4 scrolls of remove curse
 k - 4 scrolls of fear {unknown}
 n - a scroll of fog {unknown}
 p - a scroll of teleportation {unknown}
 q - 3 scrolls of enchant armour
 s - a scroll of magic mapping
 D - a scroll of enchant weapon {unknown}
 F - a scroll of acquirement {unknown}
 H - a scroll of blinking {unknown}
 J - a scroll of holy word {unknown}
 L - a scroll of torment {unknown}
 Q - 2 scrolls of vulnerability {unknown}
Potions
 f - 5 potions of restore abilities {unknown}
 i - 2 potions of poison {unknown}
 j - a potion of cure mutation
 l - 2 potions of cancellation
 r - 6 potions of curing
 t - 8 potions of heal wounds {unknown}
 u - 3 potions of agility
 x - 2 potions of lignification {unknown}
 A - a potion of might {unknown}
 C - a potion of beneficial mutation {unknown}
 I - a potion of magic {unknown}
 O - a potion of flight {unknown}
 U - a potion of brilliance {unknown}
Miscellaneous
 R - a lantern of shadows
Comestibles
 g - 7 bread rations
 w - 8 slices of pizza
 B - 5 beef jerkies
 K - a royal jelly
 P - 7 meat rations
 V - 3 chunks of flesh


   Skills:
 - Level 5.4(10.4) Fighting
 - Level 5.6(10.6) Throwing
 - Level 8.8(13.8) Dodging
 - Level 1.1(6.1) Stealth
 + Level 9.7(14.7) Shields
 + Level 9.6(14.6) Unarmed Combat
 - Level 3.3 Invocations


You had 11 spell levels left.
You didn't know any spells.

Dungeon Overview and Level Annotations

Branches:
Dungeon (12/15)            Temple (1/1) D:7            Lair (0/8) D:8
    Orc (0/4) D:9

Altars:
Ashenzari
Cheibriados
Dithmenos
Elyvilon
Fedhas
Gozag
Kikubaaqudgha
Makhleb
Nemelex Xobeh
Okawaru
Qazlal
Ru
Sif Muna
Trog
Vehumet
Xom
Yredelemnul
Zin
The Shining One

Shops:
D:4 :   D:6 [   D:8 ?


Innate Abilities, Weirdness & Mutations

You are too large for most types of armour.
You have claws for hands.
Your metabolism is lightning-fast.
You like to eat raw meat.
You heal very quickly.
You are covered in fur (AC +1).
You have very tough skin (AC +2).


Message History

The 14-headed hydra closely misses you.
Drink which item? (? for menu, Esc to quit)
Okay, then.
A polar bear comes into view.
The polar bear growls angrily.
You see here 14 gold pieces.
An ice beast comes into view.
You block the polar bear's attack. x2
The polar bear misses you. The ice beast closely misses you.
You block the ice beast's attack.
The 14-headed hydra completely misses you.
You block the 14-headed hydra's attack. x2
The 14-headed hydra completely misses you.
The 14-headed hydra bites you!
* * * LOW HITPOINT WARNING * * *
You block the 14-headed hydra's attack. The 14-headed hydra bites you!
* * * LOW HITPOINT WARNING * * *
The 14-headed hydra misses you. The 14-headed hydra bites you!
You die...

............†).....##
####.<...#.......#
#..)..#.......#
########.......# ...
#..$...##
#.######.#..#
#...h.......#
#..DY.......#
##@#####.####
#.............#
#.####..####..# #..#
..# #..# #..# ...#
..# #..# . #... ..#


You could see a 14-headed hydra (bleeding), a polar bear and an ice beast.

Vanquished Creatures
  Gastronok (D:9)
  Josephine (D:11)
  A centaur warrior (D:10)
  The ghost of BLOAX the Cruncher, an experienced MiGl of Cheibriados (D:9)
  2 hill giants
  Pikel (D:6)
  The ghost of herpmino the Covert, an experienced OpSu (D:7)
  2 ugly things
  A cyclops (D:11)
  A guardian serpent (D:10)
  A gargoyle (D:12)
  The ghost of CrazyArbalest the Bolt Thrower, an experienced CeHu of Gozag (D:6)
  A polar bear (D:12)
  A fire drake (D:8)
  A shadow (D:11)
  A deep elf mage (D:11)
  A wyvern (D:11)
  4 wraiths (D:11)
  An orc warrior (D:6)
  7 yaks
  3 hippogriffs
  4 vampire mosquitoes (D:12)
  A hungry ghost (D:12)
  Grum (D:9)
  A human (D:7)
  3 wolves (D:9)
  Edmund (D:5)
  A necrophage (D:12)
  3 ice beasts
  2 slaves (D:6)
  3 black bears
  3 sky beasts
  A wasp (D:9)
  5 centaurs
  A phantom (D:4)
  Sigmund (D:5)
  Duvessa (D:9)
  3 ogres
  7 giant frogs
  4 big kobolds
  A water moccasin skeleton (D:8)
  2 scorpions
  9 wights
  8 hounds
  A quasit (D:11)
  A goliath beetle (D:8)
  A wasp zombie (D:8)
  Dowan (D:9)
  A centaur zombie (D:9)
  3 crimson imps
  An orc priest (D:6)
  3 iguanas
  A centaur skeleton (D:6)
  5 worker ants
  2 giant frog skeletons
  A gnoll shaman (D:6)
  Natasha (twice) (D:5)
  6 orc wizards
  3 sheep (D:7)
  Ijyb (D:2)
  Terence (D:2)
  12 gnolls
  4 worker ant zombies
  3 giant mites
  5 shadow imps
  14 adders
  A worm (D:3)
  2 adder skeletons (D:6)
  An ooze (D:3)
  25 orcs
  5 giant cockroaches
  16 hobgoblins
  6 jackals
  10 bats
  4 giant geckos
  A giant gecko zombie (D:6)
  3 giant newts
  9 goblins
  26 kobolds
  3 quokkas
  A quokka zombie (D:7)
  10 rats
  5 ballistomycetes
300 creatures vanquished.

Vanquished Creatures (others)
  A polar bear (D:12)
  A slave (D:6)
  A wight (D:11)
  Natasha (D:5)
  A hobgoblin (D:6)
  3 giant spores
  A ballistomycete (D:12)
9 creatures vanquished.

Grand Total: 309 creatures vanquished

Notes
Turn   | Place    | Note
--------------------------------------------------------------
     0 | D:1      | Ironfoot, the Troll Monk, began the quest for the Orb.
     0 | D:1      | Reached XP level 1. HP: 22/22 MP: 1/1
   270 | D:1      | Reached XP level 2. HP: 29/29 MP: 1/1
   640 | D:2      | Noticed Ijyb
   648 | D:2      | Killed Ijyb
   648 | D:2      | Reached skill level 5 in Unarmed Combat
   648 | D:2      | Reached XP level 3. HP: 36/36 MP: 2/2
   722 | D:2      | Noticed Terence
   729 | D:2      | Killed Terence
   749 | D:2      | Found a glowing golden altar of the Shining One.
   880 | D:2      | Reached XP level 4. HP: 44/44 MP: 2/2
  1664 | D:3      | Reached skill level 6 in Unarmed Combat
  1841 | D:4      | Reached XP level 5. HP: 45/50 MP: 2/2
  1976 | D:4      | Reached skill level 7 in Unarmed Combat
  2038 | D:4      | Reached XP level 6. HP: 56/59 MP: 3/3
  2125 | D:4      | Noticed a phantom
  2135 | D:4      | Killed a phantom
  2195 | D:4      | Reached skill level 8 in Unarmed Combat
  2257 | D:4      | Found Xeacuyt's Book Shoppe.
  2401 | D:5      | Entered Level 5 of the Dungeon
  2401 | D:5      | Noticed Natasha
  2408 | D:5      | Killed Natasha
  2459 | D:5      | Noticed Sigmund
  2465 | D:5      | Killed Sigmund
  2465 | D:5      | Reached XP level 7. HP: 66/66 MP: 3/3
  2516 | D:5      | Noticed Natasha
  2524 | D:5      | Killed Natasha
  2635 | D:5      | Reached skill level 9 in Unarmed Combat
  2672 | D:5      | Noticed Natasha
  2680 | D:5      | Killed Natasha
  2999 | D:5      | Noticed Edmund
  3007 | D:5      | Killed Edmund
  3110 | D:5      | Reached XP level 8. HP: 49/74 MP: 3/3
  3153 | D:6      | Reached skill level 5 in Dodging
  3169 | D:6      | Noticed CrazyArbalest's ghost (experienced CeHu)
  3183 | D:6      | Killed CrazyArbalest's ghost
  3615 | D:6      | Noticed Pikel
  3653 | D:6      | Killed Pikel
  3653 | D:6      | Reached XP level 9. HP: 60/80 MP: 4/4
  3805 | D:6      | Noticed a six-headed hydra
  3856 | D:6      | Found a deep blue altar of Sif Muna.
  3985 | D:6      | Found Muil Nanlimp's Armour Boutique.
  3990 | D:6      | Bought a +2 large shield of protection for 301 gold pieces
  4109 | D:7      | Reached skill level 1 in Shields
  4165 | D:7      | Found a staircase to the Ecumenical Temple.
  4171 | Temple   | Entered the Ecumenical Temple
  4175 | Temple   | Became a worshipper of Warmaster Okawaru
  4175 | Temple   | Acquired Okawaru's first power
  4209 | D:7      | Noticed herpmino's ghost (experienced OpSu)
  4239 | D:7      | Killed herpmino's ghost
  4719 | D:7      | Reached XP level 10. HP: 83/88 MP: 10/10
  5007 | D:8      | Found a staircase to the Lair.
  5089 | D:8      | Reached skill level 5 in Shields
  5116 | D:8      | Found a snail-covered altar of Cheibriados.
  5544 | D:8      | Found Brioquecw's Magic Scroll Shoppe.
  5980 | D:8      | Found a basalt altar of Yredelemnul.
  6142 | D:9      | Noticed Grum
  6145 | D:9      | Noticed BLOAX's ghost (experienced MiGl)
  6161 | D:9      | Killed Grum
  6209 | D:9      | Killed BLOAX's ghost
  6234 | D:9      | Noticed a cyan ugly thing
  6253 | D:9      | Killed a cyan ugly thing
  6388 | D:9      | Found a shattered altar of Ashenzari.
  6516 | D:9      | Found a staircase to the Orcish Mines.
  6641 | D:9      | Noticed Gastronok
  6656 | D:9      | Killed Gastronok
  6656 | D:9      | Acquired Okawaru's second power
  6656 | D:9      | Reached XP level 11. HP: 64/94 MP: 9/10
  6678 | D:9      | Noticed Dowan
  6679 | D:9      | Noticed Duvessa
  6686 | D:9      | Killed Dowan
  6689 | D:9      | Killed Duvessa
  6795 | D:9      | Found a stormy altar of Qazlal.
  6797 | D:9      | Found a sparkling altar of Nemelex Xobeh.
  6843 | D:10     | Entered Level 10 of the Dungeon
  6843 | D:10     | Noticed a hill giant
  6852 | D:10     | Killed a hill giant
  6946 | D:10     | Identified a +0 rod of clouds (11/11) (You found it on level 10 of the Dungeon)
  7035 | D:10     | Noticed a centaur warrior
  7047 | D:10     | Killed a centaur warrior
  7047 | D:10     | Received a gift from Okawaru
  7048 | D:10     | Got a creamy pearl robe {god gift}
  7059 | D:10     | Identified the +1 robe "Iriecio" {Str+3} (Okawaru gifted it to you on level 10 of the Dungeon)
  7590 | D:11     | Reached skill level 5 in Fighting
  7664 | D:11     | Reached skill level 1 in Throwing
  7675 | D:11     | Noticed a hill giant
  7690 | D:11     | Killed a hill giant
  7861 | D:11     | Noticed Josephine
  7874 | D:11     | Killed Josephine
  7874 | D:11     | Reached skill level 5 in Throwing
  8207 | D:12     | Reached XP level 12. HP: 90/111 MP: 12/12
  8235 | D:12     | Noticed a five-headed hydra
  8259 | D:12     | Slain by a 14-headed hydra

Action                   |  1- 3 |  4- 6 |  7- 9 | 10-12 || total
-------------------------+-------+-------+-------+-------++-------
Melee: Unarmed           |    58 |   133 |   289 |   582 ||  1062
Throw: Throwing net      |       |       |       |     3 ||     3
Invok: Heroism           |       |       |       |    10 ||    10
Evoke: Wand              |       |       |     1 |       ||     1
  Use: Scroll            |       |     2 |    11 |     4 ||    17
 Stab: Sleeping          |       |     1 |       |     4 ||     5
       Distracted        |       |       |     1 |       ||     1
       Held in net/web   |       |       |       |     2 ||     2
  Eat: Chunk             |    10 |    16 |    25 |    35 ||    86
